 Dungeon Crawl Stone Soup version 0.29-a0-330-g52719c12eb (webtiles) character file.

Game seed: 10157484366879522629

3990 tilp the Covert (level 10, -7/91 HPs)
             Began as a Naga Fire Elementalist on May 2, 2022.
             Was a Priest of Zin.
             Mangled by an orc knight
             ... wielding a +0 glaive
              (24 damage)
             ... in a bailey.
             The game lasted 00:21:43 (12003 turns).

tilp the Covert (Naga Fire Elementalist)           Turns: 12003, Time: 00:21:44

Health: -7/91      AC:  9    Str: 10    XL:     10   Next: 22%
Magic:  13/17      EV: 10    Int: 19    God:    Zin [***...]
Gold:   387        SH:  0    Dex: 13    Spells: 9/19 levels left

rFire   . . .      SeeInvis +   a - +1 hand axe (elec)
rCold   . . .      Faith    .   (no shield)
rNeg    . . .      Spirit   .   g - +0 robe
rPois   +          Reflect  .   k - +1 helmet
rElec   .          Harm     .   n - +1 cloak
rCorr   .          Rampage  .   l - +0 pair of gloves
Will    +....                   (no barding)
Stlth   ++++......              (no amulet)
HPRegen 0.25/turn               (no ring)
MPRegen 0.15/turn               (no ring)

@: on recite cooldown, very slow
A: AC +3, large, see invisible, deformed body, poison resistance, slowness 2,
spit poison 1, naga tail 1
a: Spit Poison, Renounce Religion, Recite, Vitalisation, Imprison, Donate Gold


You were in a bailey.
You worshipped Zin.
Zin was most pleased with you.
You visited 2 branches of the dungeon, and saw 9 of its levels.
You also visited: Bailey.

You collected 601 gold pieces.
You spent 164 gold pieces at shops.
You donated 50 gold pieces to Zin.

Inventory:

Hand Weapons
 a - a +1 hand axe of electrocution (weapon)
 b - a +2 hand axe of freezing
 s - a +1 whip of electrocution
Missiles
 d - 114 stones
 q - 15 poisoned darts (quivered)
 y - 2 boomerangs
Armour
 g - a +0 robe (worn)
 i - a +2 robe of positive energy
 k - a +1 helmet (worn)
 l - a +0 pair of gloves (worn)
 n - a +1 cloak (worn)
 t - the +2 scale mail of Hikidgh {rN++ Str+6 Stlth-}
   (You took it off an orc on level 5 of the Dungeon)

   Str:       It affects your strength (+6).
   rN:        It greatly protects you from negative energy.
   Stlth:     It makes you less stealthy.
Jewellery
 f - an amulet of guardian spirit
Scrolls
 m - 2 scrolls of immolation
 v - a scroll of fog
Potions
 c - 4 potions of curing
 e - a potion of ambrosia {unknown}
 h - a potion of brilliance {unknown}
 j - 2 potions of might
 o - a potion of heal wounds {unknown}
 p - 2 potions of cancellation {unknown}
 r - 5 potions of flight
 u - a potion of berserk rage {unknown}
 w - 2 potions of attraction {unknown}
 x - a potion of magic
 B - a potion of degeneration {unknown}


   Skills:
 + Level 6.0 Fighting
 - Level 2.0 Throwing
 - Level 3.0 Dodging
 - Level 8.0 Stealth
 - Level 5.0 Spellcasting
 + Level 6.0 Conjurations
 + Level 8.0 Fire Magic
 + Level 4.1 Invocations


You had 9 spell levels left.
You knew the following spells:

 Your Spells              Type           Power      Damage    Failure   Level
a - Foxfire               Conj/Fire      100%       2x1d9     1%          1
b - Scorch                Fire           70%        2d8       1%          2
c - Conjure Flame         Conj/Fire      31%        6-21      1%          3
d - Flame Wave            Conj/Fire      31%        2d8       7%          4

Your spell library contained the following spells:

 Spells                   Type           Power      Damage    Failure   Level
 Inner Flame              Hex/Fire       20%        N/A       7%          3
 Sticky Flame             Conj/Fire      31%        2d5       7%          4
 Ignite Poison            Fire/Tmut/Pois 14%        N/A       12%         3
 Sublimation of Blood     Necr           4%         N/A       19%         2
 Ozocubu's Armour         Ice            4%         N/A       36%         3
 Tukima's Dance           Hex            4%         N/A       36%         3
 Irradiate                Conj/Tmut      8%         3d16      69%         5
 Passage of Golubria      Tloc           4%         N/A       77%         4
 Petrify                  Tmut/Erth      4%         N/A       77%         4
 Yara's Violent Unravell  Hex/Tmut       2%         3d3       98%         5
 Ozocubu's Refrigeration  Ice            2%         4d5       100%        7


Dungeon Overview and Level Annotations

Branches:
Dungeon (8/15)             Temple (1/1) D:4          Bailey (1/1)
   Lair: D:8-11

Altars:
Ashenzari
Cheibriados
Dithmenos
Elyvilon
Fedhas
Gozag
Hepliaklqana
Kikubaaqudgha
Makhleb
Okawaru
Qazlal
Ru
Sif Muna
Trog
Uskayaw
Vehumet
Wu Jian
Xom
Yredelemnul
Zin
The Shining One

Shops:
D:2 [   D:7 (?(

Annotations:
D:5 dig vault
D:6 Grinder
D:8 3 runed translucent doors, night's ghost, novice TeHu; p0werm0de's ghost, novice VSFi


Innate Abilities, Weirdness & Mutations

Your serpentine skin is tough. (AC +3)
You have supernaturally acute eyesight. (SInv)
Armour fits poorly on your strangely shaped body.
Your system is resistant to poisons. (rPois)
You cover ground very slowly.
You can spit poison.
You have a snake-like lower body.


Message History

The orc knight splashes around in the water.
The orc warrior is engulfed in a cloud of scalding steam.
Unknown command. "...be ousted by the jurisprudence of Zin!"
You finish reciting Apostates 8:16.
You hear a shout!
The orc knight closely misses you.
Things that are here:
a +0 spear; a +0 plate armour Unknown command.
Casting: Scorch (safe; 1% risk of failure)
Confirm with . or Enter, or press ? or * to list all spells.
Flames lash the orc knight.
The orc knight is lightly wounded.
The orc knight's fire resistance burns away.
The orc warrior no longer looks unusually strong.
The orc knight is engulfed in a cloud of scalding steam.
The orc knight hits you from afar with a +0 glaive.
The orc warrior is no longer more vulnerable to fire.
The orc knight is no longer more vulnerable to fire.
The orc warrior laughs crazily.
The orc knight is engulfed in a cloud of scalding steam.
The orc warrior says, "Why is everything spinning?"
Things that are here:
a +0 bardiche; a +0 chain mail; an orc skeleton
Casting: Scorch (safe; 1% risk of failure)
Confirm with . or Enter, or press ? or * to list all spells.
Flames lash the orc knight.
The orc knight is heavily wounded.
The orc knight's fire resistance burns away.
The orc knight is engulfed in a cloud of scalding steam.
The orc knight hits you from afar with a +0 glaive!
* * * LOW HITPOINT WARNING * * *
The orc knight is engulfed in a cloud of scalding steam.
The orc knight attacks as you move away!
The orc knight closely misses you.
The orc knight hits you from afar with a +0 glaive!
* * * LOW HITPOINT WARNING * * *
The orc knight hits you from afar with a +0 glaive!!
You die...

≈≈≈≈≈≈≈≈≈##'''#≈≈##≈≈≈≈≈≈≈≈.....#
≈≈≈≈≈##≈≈##∩)o##≈≈#≈≈≈≈≈≈≈≈.....#
≈≈≈≈≈##≈####o####≈##≈≈≈≈≈≈≈.....#
≈≈≈≈≈##)')#.o.#.'≈##≈≈≈≈≈≈≈.....#
≈≈≈≈≈##≈###.8.###≈##≈≈≈≈≈≈≈.....#
≈≈≈≈≈##≈'.#|.!#.§)##≈≈≈≈≈≈≈.....#
≈≈≈≈≈##≈#########o##≈≈≈≈≈≈≈.....#
≈≈≈≈≈≈#≈≈##)#.##≈≈#≈≈≈≈≈≈≈≈.....#
≈≈≈≈≈≈##≈≈#'#'#≈@##≈≈≈≈≈≈≈≈.....#
≈≈≈≈≈≈≈##≈≈≈≈≈≈≈##≈≈≈≈≈≈≈≈≈.....#
≈≈≈≈≈≈≈≈#########≈≈≈≈≈≈≈≈≈≈.....#
#.##≈≈≈≈≈≈≈###≈≈≈≈≈≈≈##.#≈≈.....#
#.∩#≈≈≈≈≈≈≈≈≈≈≈≈≈≈≈≈≈#∩.##≈.....#
...)≈≈≈≈≈≈≈≈≈≈≈≈≈≈≈≈≈)...#≈.....#
#.##≈)≈≈≈≈≈≈≈≈≈≈≈≈≈)≈##.##≈.....#
###≈≈≈≈≈≈≈≈≈≈≈≈≈≈≈≈≈≈≈###≈≈.....#
≈≈≈≈≈≈≈≈≈≈≈≈≈≈≈≈≈≈≈≈≈≈≈≈≈≈≈.....#


You could see an orc knight (combustible).

Vanquished Creatures
  Psyche (D:8)
  4 water moccasins
  5 black bears
  An ice beast (D:6)
  2 sky beasts
  9 orc warriors
  2 ogres
  A centaur (D:8)
  A phantom (D:4)
  3 kobold brigands
  A necrophage (D:4)
  4 killer bees (D:7)
  2 howler monkeys (D:5)
  2 jellies (D:5)
  4 hounds
  4 orc priests
  A gnoll shaman (D:6)
  2 iguanas (D:5)
  Natasha (thrice) (D:2)
  6 orc wizards
  7 gnolls
  9 adders
  A shadow imp (D:6)
  A white imp (D:7)
  2 ufetubi (D:6)
  A worm (D:5)
  36 orcs
  5 endoplasms
  A giant cockroach (D:3)
  3 goblins
  5 hobgoblins
  5 jackals
  25 kobolds
  4 quokkas
  4 ball pythons
  5 bats
  2 frilled lizards
  6 rats
180 creatures vanquished.

Vanquished Creatures (others)
  An orc (D:8)
  95 foxfires
96 creatures vanquished.

Grand Total: 276 creatures vanquished

Notes
Turn   | Place    | Note
-------+----------+-------------------------------------------
     0 | D:1      | tilp the Naga Fire Elementalist began the quest for the
                  | Orb.
     0 | D:1      | Reached XP level 1. HP: 15/15 MP: 3/3
   428 | D:1      | Reached XP level 2. HP: 21/22 MP: 1/5
   433 | D:1      | Learned a level 2 spell: Scorch
   988 | D:2      | Reached XP level 3. HP: 28/28 MP: 1/6
  1079 | D:2      | Found Ciypyxyt's Armour Emporium.
  1087 | D:2      | Bought a +0 helmet for 49 gold pieces
  1087 | D:2      | Bought a +0 pair of gloves for 49 gold pieces
  1629 | D:2      | Noticed Natasha
  1634 | D:2      | Killed Natasha
  1635 | D:2      | Reached XP level 4. HP: 34/37 MP: 0/7
  1715 | D:2      | Found a faded altar of an unknown god.
  1763 | D:2      | Noticed Natasha
  1769 | D:2      | Killed Natasha
  1770 | D:2      | Reached skill level 1 in Fighting
  2176 | D:2      | Reached XP level 5. HP: 42/45 MP: 3/8
  2279 | D:2      | Noticed Natasha
  2283 | D:2      | Killed Natasha
  2624 | D:3      | Reached skill level 5 in Stealth
  2757 | D:3      | Noticed a black bear
  3122 | D:3      | Noticed a black bear
  3137 | D:3      | Killed a black bear
  3138 | D:3      | Reached XP level 6. HP: 49/52 MP: 0/9
  3412 | D:3      | Killed a black bear
  3491 | D:3      | Noticed a sky beast
  3499 | D:3      | Killed a sky beast
  3500 | D:3      | Reached XP level 7. HP: 60/60 MP: 2/11
  3768 | D:4      | Reached skill level 5 in Fire Magic
  3856 | D:4      | Found a large runed translucent door.
  3858 | D:4      | Found a large runed translucent door.
  3858 | D:4      | Found a staircase to the Ecumenical Temple.
  3877 | Temple   | Entered the Ecumenical Temple
  4122 | Temple   | Became a worshipper of Zin the Law-Giver
  4122 | Temple   | Reached * piety under Zin
  4347 | D:4      | Found a shimmering altar of Xom.
  4413 | D:4      | Found a hide-covered altar of Uskayaw.
  4439 | D:4      | Reached ** piety under Zin
  4814 | D:4      | Learned a level 3 spell: Conjure Flame
  4831 | D:5      | Entered Level 5 of the Dungeon
  5005 | D:5      | Found a stormy altar of Qazlal.
  5026 | D:5      | Reached skill level 1 in Invocations
  5154 | D:5      | Reached XP level 8. HP: 50/68 MP: 3/12
  6088 | D:5      | Identified the +2 scale mail of Hikidgh {rN++ Str+6 Stlth-}
  6519 | D:6      | Noticed Grinder
  7438 | D:6      | Reached XP level 9. HP: 59/79 MP: 4/14
  7867 | D:6      | Found a burning altar of Makhleb.
  8452 | D:7      | Found Ocizus's Antique Weapon Boutique.
  8458 | D:7      | Found Pigin's Magic Scroll Boutique.
  8467 | D:7      | Bought a scroll of fog for 24 gold pieces
  8467 | D:7      | Bought a scroll of magic mapping for 42 gold pieces
  8815 | D:7      | Reached skill level 1 in Throwing
  9238 | D:7      | Reached *** piety under Zin
  9422 | D:7      | Found Voet's Weapon Emporium.
  9436 | D:7      | Reached skill level 5 in Fighting
  9436 | D:7      | Reached skill level 5 in Conjurations
  9727 | D:7      | Found Bufu Enu's Antique Weapon Shop.
  9883 | D:8      | Noticed Psyche
  9884 | D:8      | Found a runed translucent gate.
  9884 | D:8      | Found a runed translucent gate.
  9885 | D:8      | Found a runed translucent gate.
  9887 | D:8      | Noticed night's ghost (novice TeHu)
  9887 | D:8      | Noticed p0werm0de's ghost (novice VSFi)
  9896 | D:8      | Killed Psyche
 10009 | D:8      | Found a flagged portal.
 10099 | Bailey   | Entered a bailey
 10105 | Bailey   | Learned a level 4 spell: Flame Wave
 10728 | Bailey   | Reached XP level 10. HP: 30/88 MP: 9/17
 11020 | Bailey   | Reached skill level 5 in Spellcasting
 11985 | Bailey   | Noticed an orc knight
 12003 | Bailey   | Mangled by an orc knight

Illustrated notes

Levels and vault maps discovered:
D:1:      elethiomel_arrival_infinity_welcomes_careful_drivers, layout_basic,
          st_stairs_13, chequers_arboretum, minmay_tall_x
D:2:      layout_basic, basic_ecumenical_altar, serial_shops, shop,
          minmay_pentomino_s4, uniq_natasha
D:3:      wander_river, layout_rooms
D:4:      due_chaos_kobolds, layout_cave_pools, amcnicky_altar_gilded,
          minmay_temple_entry_statues_pillars, serial_glass, glass_columns_a,
          glass_columns_b, glass_columns_c, glass_columns_b, glass_columns_a,
          glass_columns_a, glass_columns_a, glass_columns_c, glass_columns_a,
          glass_columns_a, glass_columns_a, glass_columns_b, glass_columns_a,
          glass_columns_c, chequers_serial_rivers_small_3,
          dreamdust_princess_bridge
D:5:      nicolae_cairo_tiling, layout_basic, nicolae_qazlal_eye_of_the_storm,
          due_unseen_surprise
D:6:      layout_rooms, makhleb_grotto_becter, uniq_grinder
D:7:      layout_basic, serial_shops, shop, nicolae_shop_bloodbath_and_beyond,
          shop_fountains, nicolae_shop_crystal
D:8:      layout_cave_pools, gammafunk_ghost_cemetery, enter_bailey_8,
          uniq_pikel, uniq_psyche
Temple:   dpeg_five_rooms_temple
Bailey:   bailey_polearm_2, bailey

Skill      XL: |  1  2  3  4  5  6  7  8  9 10 |
---------------+-------------------------------+-----
Conjurations   | 2 3 4 5 6 |  6.0
Fire Magic     | 4 6 8 |  8.0
Fighting       | 1 2 4 5 6 |  6.0
Dodging        | 2 3 |  3.0
Stealth        | 4 6 8 |  8.0
Spellcasting   | 3 4 5 |  5.0
Invocations    | 1 3 4 |  4.1
Throwing       | 2 |  2.0

Action                   |  1- 3 |  4- 6 |  7- 9 | 10-12 || total
-------------------------+-------+-------+-------+-------++-------
Melee: Unarmed           |     1 |       |       |       ||     1
       Hand axe          |     8 |    27 |   145 |     1 ||   181
       Punch             |       |       |     2 |       ||     2
 Cast: Foxfire           |    17 |     5 |    35 |     2 ||    59
       Scorch            |     9 |    36 |   144 |    27 ||   216
       Conjure Flame     |       |       |     3 |       ||     3
Invok: Recite            |       |       |     5 |     3 ||     8
       Vitalisation      |       |       |       |     1 ||     1
 Abil: Spit Poison       |       |     3 |     8 |     2 ||    13
  Use: Scroll            |     2 |     1 |    15 |       ||    18
       Potion            |       |       |     1 |     2 ||     3
 Stab: Sleeping          |       |       |     1 |       ||     1
Armor: Robe              |    12 |    19 |   132 |     3 ||   166
Dodge: Dodged            |    17 |    31 |   198 |    22 ||   268

Table legend: (Time is in decaauts)
 A = Elapsed time spent in this place.
 B = Non-inter-level travel time spent in this place.
 C = Inter-level travel time spent in this place.
 D = Time resting spent in this place.
 E = Time spent auto-exploring this place.
 F = Levels seen in this place.
 G = Mean time per level.
                   A        B        C        D        E       F      G
               +--------+--------+--------+--------+--------+-----+--------+
         Total |  14289 |  13617 |    672 |   3807 |   7810 |  10 | 1428.9 |
       Dungeon |  11781 |  11225 |    556 |   2246 |   7530 |   8 | 1472.6 |
        Temple |    410 |    295 |    115 |      0 |    279 |   1 |  410.0 |
        Bailey |   2097 |   2097 |      0 |   1561 |      0 |   1 | 2097.0 |
               +--------+--------+--------+--------+--------+-----+--------+

Top non-repeatable levels by time:
     D:5: 2668 daAuts
     D:2: 2098 daAuts
  Bailey: 2097 daAuts
     D:7: 1682 daAuts
     D:6: 1375 daAuts
     D:3: 1273 daAuts
     D:4: 1271 daAuts
     D:1: 1130 daAuts
  Temple: 410 daAuts
     D:8: 280 daAuts
